 Dungeon Crawl Stone Soup version 0.30.1-11-g7821555f0a (webtiles) character file.

Game seed: 11320002210921554616

33 Skaggerston the Digger (level 3, -3/16 HPs)
             Began as a Vine Stalker Earth Elementalist on Jan 5, 2024.
             Was an Initiate of Cheibriados.
             Slain by Grinder (4 damage)
             ... while paralysed by Grinder
             ... on level 3 of the Dungeon.
             The game lasted 00:03:17 (673 turns).

Skaggerston the Digger (VSEE)                        Turns: 673, Time: 00:03:17

Health: -3/16      AC:  2    Str: 11    XL:     3   Next: 29%
Magic:  0/8        EV:  2    Int: 18    God:    Cheibriados [......]
Gold:   19         SH:  0    Dex: 15    Spells: 2/8 levels left

rFire   . . .        c - +0 hand axe
rCold   . . .        (no shield)
rNeg    . . .        a - +0 robe
rPois   .            (no helmet)
rElec   .            (no cloak)
rCorr   .            (no gloves)
SInv    .            (no boots)
Will    .....        (no amulet)
Stlth   ++           (no ring)
HPRegen 0.22/turn    (no ring)
MPRegen 0.11/turn

%: guardian spirit
@: paralysed, very slow
A: fangs 2, magic shield, antimagic bite, no potion heal 2
a: Renounce Religion


You were on level 3 of the Dungeon.
You worshipped Cheibriados.
Cheibriados was noncommittal.
You visited 1 branch of the dungeon, and saw 3 of its levels.

You collected 19 gold pieces.

Inventory:

Hand Weapons
 c - a +0 hand axe (weapon)
Armour
 a - a +0 robe (worn)


   Skills:
 * Level 0.1 Fighting
 * Level 0.1 Axes
 * Level 1.6 Dodging
 * Level 2.5 Stealth
 + Level 0.2 Unarmed Combat
 * Level 3.1 Spellcasting
 * Level 1.0 Transmutations
 * Level 3.3 Earth Magic


You had 2 spell levels left.
You knew the following spells:

 Your Spells              Type           Power      Damage    Failure   Level
a - Sandblast             Erth           28%        2d8       4%          1
b - Passwall              Tmut/Erth      8%         N/A       10%         2
c - Stone Arrow           Conj/Erth      16%        3d8       24%         3

Your spell library contained the following spells:

 Spells                   Type           Power      Damage    Failure   Level
 Gell's Gravitas          Tloc           2%         N/A       43%         3
 Teleport Other           Tloc           2%         N/A       43%         3
 Petrify                  Tmut/Erth      10%        N/A       54%         4
 Dispersal                Tloc           1%         N/A       100%        6


Dungeon Overview and Level Annotations

Branches:
Dungeon (3/15)

Altars:
Cheibriados
Fedhas
Okawaru
Ru
Uskayaw
Zin

Annotations:
D:3 Grinder


Innate Abilities, Weirdness & Mutations

You have extremely sharp teeth.
When hurt, damage is shared between your health and your magic reserves.
Your bite disrupts and absorbs the magic of your enemies.
Potions cannot restore your health.


Message History

The goblin shouts!
The goblin moves out of view.
There is a blossoming altar of Fedhas here.
Grinder comes into view.
There is a snail-covered altar of Cheibriados here.
You aren't carrying any scrolls.
Unknown command.
Press < or > to pray at altars.
You kneel at the altar of Cheibriados.
Cheibriados welcomes you!
Cheibriados begins to support your attributes as your movement slows.
Cheibriados is now slowing the effects of poison on you.
The goblin closely misses you.
You completely miss the goblin. You bite the goblin, but do no damage.
Grinder says, "You look like you could use a good racking."
Grinder blinks!
The goblin barely misses you.
You closely miss the goblin. The goblin misses you.
You hit the goblin but do no damage. You bite the goblin. You drain its power.
You feel invigorated.
The goblin is heavily wounded.
You hit Grinder. Grinder says, "Are you a fish?" Grinder barely misses you.
The goblin barely misses you. The goblin misses you. Grinder hits you.
You writhe in agony.
It was a potion of heal wounds.
That seemed strangely inert.
Grinder closely misses you. The goblin barely misses you.
You aren't carrying any scrolls.
Unknown command.
Press < or > to pray at altars.
The goblin attacks as you move away! The goblin hits you with a +0 club.
Grinder says, "There's only one good use for a tongue: cutting it out."
Grinder attacks as you move away! Grinder hits you.
You writhe in agony.
* * * LOW HITPOINT WARNING * * *
The goblin closely misses you. Grinder gestures at you.
You suddenly lose the ability to move!
The goblin hits you but does no damage. Grinder hits you.
* * * LOW HITPOINT WARNING * * *
You writhe in agony.
You die...

....## #... ...##
####### ##.....## ♣.#
# ##...g...#....# #
#.._@5._..._..#. #.#
#.!..#..._...##.###..
#.♣.###.....## ...###
#....############.###
#..8.....##..........
##..._.....[......(..
##......##.#........
#########.#######.#
#.# #.#


You could see Grinder and a goblin.

Vanquished Creatures
  2 adders
  A dart slug (D:2)
  A ball python (D:2)
  A bat (D:1)
  An endoplasm (D:2)
  A giant cockroach (D:2)
  2 jackals (D:1)
  A quokka (D:1)
  A frilled lizard (D:1)
  2 kobolds (D:1)
  A rat (D:2)
14 creatures vanquished.

Notes
Turn   | Place    | Note
-------+----------+-------------------------------------------
     0 | D:1      | Skaggerston the Vine Stalker Earth Elementalist began the
                  | quest for the Orb.
     0 | D:1      | Reached XP level 1. HP: 9/9 MP: 4/4
   330 | D:1      | Reached XP level 2. HP: 12/13 MP: 1/6
   334 | D:1      | Learned a level 2 spell: Passwall
   592 | D:2      | Reached XP level 3. HP: 16/16 MP: 6/8
   596 | D:2      | Learned a level 3 spell: Stone Arrow
   641 | D:3      | Found a sacrificial altar of Ru.
   651 | D:3      | Found a hide-covered altar of Uskayaw.
   655 | D:3      | Found a blossoming altar of Fedhas.
   657 | D:3      | Found a snail-covered altar of Cheibriados.
   658 | D:3      | Found an iron altar of Okawaru.
   660 | D:3      | Found a glowing silver altar of Zin.
   664 | D:3      | Noticed Grinder
   665 | D:3      | Became a worshipper of Cheibriados the Contemplative
   672 | D:3      | Paralysed by Grinder for 5 turns
   673 | D:3      | Slain by Grinder

Illustrated notes

Levels and vault maps discovered:
D:1:      roderic_lyre, layout_basic, minmay_fountain_box,
          nicolae_nh_oracle_at_delphi
D:2:      layout_loops_cross, minmay_octomino_c4
D:3:      layout_rooms, nicolae_overflow_hallway_of_the_gods,
          hellmonk_ecumenical_altar_watching_god, uniq_grinder

Skill      XL: |  1  2  3 |
---------------+----------+-----
Spellcasting   | 3 |  3.1
Fighting       | |  0.1
Axes           | |  0.1
Dodging        | |  1.6
Stealth        | |  2.5
Unarmed Combat | |  0.2
Transmutations | |  1.0
Earth Magic    | |  3.3

Action                     || total
---------------------------++-------
  Melee: Hand axe          ||    10
         Bite              ||     6
         Unarmed           ||     2
   Cast: Sandblast         ||    19
         Stone Arrow       ||     1
    Use: Potion            ||     2
         Scroll            ||     1
   Stab: Sleeping          ||     1
 Armour: Robe              ||     3
  Dodge: Dodged            ||    27
